 Dungeon Crawl Stone Soup version 0.23.2-33-g5129a83184 (webtiles) character file.

Game seed: 16734819208094216881

12450 FishyPogo the Protected (level 11, -13/97 HPs)
             Began as a Minotaur Fighter on Aug 9, 2019.
             Was an Elder of Qazlal.
             Mangled by a death yak (15 damage)
             ... on level 11 of the Dungeon.
             The game lasted 00:54:32 (10741 turns).

FishyPogo the Protected (Minotaur Fighter)         Turns: 10741, Time: 00:54:32

Health: -13/97     AC: 21    Str: 27    XL:     11   Next: 62%
Magic:  12/12      EV:  9    Int:  5    God:    Qazlal [****..]
Gold:   899        SH: 21    Dex: 10    Spells: 10/10 levels left

rFire    + . .     SeeInvis +   a - +2 hand axe (freeze)
rCold    + . .     Gourm    .   c - +0 shield
rNeg     . . .     Faith    .   d - +2 chain mail {rF+}
rPois    +         Spirit   .   (helmet restricted)
rElec    .         Reflect  +   J - +2 cloak {+Inv}
rCorr    .         Harm     .   (no gloves)
MR       +....                  D - +2 pair of boots of the Swan {MR+ Str+3 SInv Stlth+}
Stlth    ..........             I - +3 amulet of reflection
HPRegen  0.26/turn              p - ring of protection from cold
MPRegen  0.13/turn              n - ring of poison resistance

@: repel missiles
A: retaliatory headbutt, horns 2
a: Upheaval, Elemental Force, Renounce Religion, Evoke Invisibility


You were on level 11 of the Dungeon.
You worshipped Qazlal.
Qazlal was greatly pleased with you.
You were not hungry.

You visited 2 branches of the dungeon, and saw 13 of its levels.

You collected 899 gold pieces.

Inventory:

Hand Weapons
 a - a +2 hand axe of freezing (weapon)
Missiles
 e - 446 stones (quivered)
 z - 15 tomahawks
 O - a throwing net
Armour
 c - a +0 shield (worn)
 d - a +2 chain mail of fire resistance (worn)
 D - the +2 pair of boots of the Swan (worn) {MR+ Str+3 SInv Stlth+}
   (You found it on level 5 of the Dungeon)

   It affects your strength (+3).
   It affects your resistance to hostile enchantments.
   It lets you see invisible.
   It makes you more stealthy.
 J - a +2 cloak of invisibility (worn)
 R - the +6 ring mail of Lugonu {MP+9 Str-5 Int+5}
   (You found it on level 9 of the Dungeon)

   It affects your strength (-5).
   It affects your intelligence (+5).
   It affects your magic capacity (+9).
 T - +0 acid dragon scales
 U - a +0 robe of cold resistance
Jewellery
 n - a ring of poison resistance (right hand)
 p - a ring of protection from cold (left hand)
 A - an uncursed ring of wizardry
 I - a +3 amulet of reflection (around neck)
Wands
 y - a wand of paralysis (10)
 F - a wand of disintegration (29)
 K - a wand of acid (10)
 Q - a wand of enslavement (9)
Scrolls
 b - a scroll of holy word {unknown}
 l - 6 scrolls of teleportation {unknown}
 o - a scroll of noise {unknown}
 q - 3 scrolls of identify
 r - 2 scrolls of enchant weapon
 u - a scroll of fog
 B - 4 scrolls of enchant armour
 G - 3 scrolls of amnesia {unknown}
 H - a scroll of random uselessness
 L - 2 scrolls of blinking {unknown}
 N - 2 scrolls of remove curse
 P - 3 scrolls of magic mapping {unknown}
Potions
 g - a potion of berserk rage {unknown}
 h - 4 potions of flight
 i - 2 potions of magic
 j - a potion of mutation {unknown}
 k - 4 potions of curing
 m - a potion of degeneration {unknown}
 s - 2 potions of resistance
 t - 3 potions of cancellation
 v - a potion of haste {unknown}
 w - 2 potions of lignification
 x - 2 potions of invisibility
 C - 2 potions of heal wounds
 E - 2 potions of brilliance {unknown}
 M - a potion of might
Comestibles
 f - 23 rations
 S - 24 chunks of flesh


   Skills:
 + Level 9.3 Fighting
   Level 5.5 Long Blades
 * Level 10.4 Axes
   Level 0.0 Bows
 + Level 3.4 Throwing
 + Level 11.7 Armour
 - Level 2.0 Dodging
 * Level 11.6 Shields
 + Level 2.9 Invocations


You had 10 spell levels left.
You didn't know any spells.
Your spell library contained the following spells:

 Spells                   Type           Power        Failure   Level  Hunger
 Magic Dart               Conj           #...         98%         1    ##.....
 Call Imp                 Summ           #.......     99%         2    ###....
 Passwall                 Tmut/Erth      #.......     99%         2    ###....
 Searing Ray              Conj           #.....       99%         2    ###....
 Dazzling Spray           Conj/Hex       #.....       100%        3    ####...
 Summon Guardian Golem    Hex/Summ       #.......     100%        3    ####...
 Force Lance              Conj/Tloc      #.......     100%        4    #####..
 Fulminant Prism          Conj/Hex       #.........   100%        4    #####..
 Iskenderun's Mystic Bla  Conj           #.......     100%        4    #####..
 Summon Ice Beast         Ice/Summ       #.......     100%        4    #####..
 Summon Hydra             Summ           #.........   100%        7    #######


Dungeon Overview and Level Annotations

Branches:
Dungeon (12/15)            Temple (1/1) D:5            Lair (0/6) D:11
    Orc (0/2) D:9

Altars:
Ashenzari
Cheibriados
Dithmenos
Elyvilon
Fedhas
Gozag
Hepliaklqana
Kikubaaqudgha
Makhleb
Nemelex Xobeh
Okawaru
Qazlal
Ru
Sif Muna
Trog
Uskayaw
Vehumet
Wu Jian
Xom
Yredelemnul
Zin
The Shining One

Shops:
D:4 [   D:5 %   D:8 %


Innate Abilities, Weirdness & Mutations

You reflexively headbutt those who attack you in melee.
You have a pair of horns on your head.


Message History

The orc priest is almost dead.
You barely miss the orc priest. You headbutt the orc priest.
You kill the orc priest!
Qazlal accepts your kill.
As you read the scroll of identify, it crumbles to dust.
s - 2 potions of resistance
As you read the scroll of identify, it crumbles to dust.
w - 2 potions of lignification
As you read the scroll of identify, it crumbles to dust.
C - 2 potions of heal wounds Some of the chunks of flesh in your inventory have rotted away.
Things that are here:
a +0 falchion; a vampire mosquito corpse x2
There is a stone staircase leading up here.
The orc warrior hits you from afar with a +2 halberd of pain!
* * * LOW HITPOINT WARNING * * *
You climb upwards.
The death yak gores you but does no damage.
The death yak gores you!
You die...

####.#
#.........###.Y.....
####.#
#..........##.####..
.....#
###.......#........#..
######
#...............##.##.
####.#.#.##.##.###.##.##.
#........##.##.# #.......
#.##..☼........# #....###
#........Y.....# #.####
#.......@.○....# #.#
#..............# #.#
#....<..☼.☼....###.####
#.................†...###
#..####.........##)##....
#.......#######.##....##.
#.###.....##...)...##.###
#.# #.###.##.##.##.##.#
#.###.#...............#


You could see a death yak.

Vanquished Creatures
  Harold (D:7)
  A two-headed ogre (D:10)
  A tengu warrior (D:12)
  A death yak (D:11)
  An ugly thing (D:12)
  Maurice (D:10)
  A centaur skeleton (D:10)
  2 hippogriffs (D:9)
  A spriggan (D:10)
  A wraith (D:6)
  A vampire (D:8)
  A wyvern (D:9)
  5 yaks (D:12)
  A hungry ghost (D:8)
  7 vampire mosquitoes (D:12)
  A warg (D:9)
  An acid dragon (D:11)
  2 black bears
  4 ice beasts
  7 orc warriors
  3 sky beasts
  3 necrophages
  A phantom (D:4)
  6 ogres
  A crocodile (D:9)
  5 centaurs
  2 big kobolds
  A gnoll sergeant (D:8)
  6 bullfrogs
  3 scorpions
  2 wyvern skeletons
  A water moccasin skeleton (D:5)
  8 wights
  An electric eel (D:10)
  6 howler monkeys
  4 crimson imps
  A jelly (D:12)
  A hound (D:6)
  3 bullfrog skeletons
  9 orc wizards
  10 orc priests
  Jessica (D:2)
  4 iguanas
  3 hell rats (D:11)
  7 worker ants
  A hound skeleton (D:10)
  A hound zombie (D:6)
  A worker ant zombie (D:10)
  14 gnolls
  A howler monkey skeleton (D:11)
  18 adders
  2 river rats (D:11)
  4 shadow imps
  An ooze (D:2)
  4 worms
  4 leopard geckos
  57 orcs
  9 giant cockroaches
  10 goblins
  12 hobgoblins
  13 jackals
  10 quokkas
  6 bats
  3 frilled lizards
  13 kobolds
  A leopard gecko skeleton (D:8)
  10 rats
328 creatures vanquished.

Vanquished Creatures (collateral kills)
  An orc (D:12)
1 creature vanquished.

Vanquished Creatures (others)
  A bush (D:6)
1 creature vanquished.

Grand Total: 330 creatures vanquished

Notes
Turn   | Place    | Note
-------+----------+-------------------------------------------
     0 | D:1      | FishyPogo the Minotaur Fighter began the quest for the Orb.
     0 | D:1      | Reached XP level 1. HP: 19/19 MP: 0/0
   389 | D:1      | Reached XP level 2. HP: 20/27 MP: 1/1
   867 | D:2      | Noticed a bullfrog
   873 | D:2      | Killed a bullfrog
   873 | D:2      | Reached XP level 3. HP: 26/33 MP: 2/2
   873 | D:2      | Reached XP level 4. HP: 32/40 MP: 3/3
   974 | D:2      | Reached skill level 5 in Armour
  1121 | D:2      | Noticed Jessica
  1124 | D:2      | Killed Jessica
  1124 | D:2      | Reached XP level 5. HP: 47/47 MP: 4/4
  1170 | D:2      | Reached skill level 1 in Dodging
  1674 | D:3      | Found a glowing golden altar of the Shining One.
  1674 | D:3      | Found a blossoming altar of Fedhas.
  2210 | D:3      | Reached XP level 6. HP: 55/55 MP: 5/5
  2631 | D:3      | Found a white marble altar of Elyvilon.
  2737 | D:3      | Reached skill level 5 in Fighting
  3444 | D:4      | Reached XP level 7. HP: 60/61 MP: 6/6
  3476 | D:4      | Found Obodyibi's Armour Boutique.
  3808 | D:4      | Reached skill level 5 in Shields
  3941 | D:5      | Entered Level 5 of the Dungeon
  4028 | D:5      | Got a pair of encrusted boots
  4035 | D:5      | Identified the +2 pair of boots of the Swan {MR+ Str+3 SInv
                  | Stlth+} (You found it on level 5 of the Dungeon)
  4069 | D:5      | Found a staircase to the Ecumenical Temple.
  4078 | Temple   | Entered the Ecumenical Temple
  4577 | Temple   | Became a worshipper of Qazlal Stormbringer
  4670 | D:5      | Found Lootioj's Food Boutique.
  4684 | D:5      | Found a sparkling altar of Nemelex Xobeh.
  4763 | D:5      | Identified the Incunabulum of Earthen Companions
  4861 | D:5      | Reached skill level 1 in Axes
  5324 | D:6      | Reached XP level 8. HP: 70/70 MP: 7/7
  5358 | D:6      | Found a basalt altar of Yredelemnul.
  5516 | D:6      | Found a sacrificial altar of Ru.
  5593 | D:6      | Found an ornate altar of the Wu Jian Council.
  5791 | D:6      | Reached * piety under Qazlal
  5986 | D:7      | Reached skill level 5 in Axes
  6073 | D:7      | Reached XP level 9. HP: 78/78 MP: 8/8
  6262 | D:7      | Noticed Harold
  6284 | D:7      | Killed Harold
  6352 | D:7      | Reached ** piety under Qazlal
  6378 | D:7      | Reached skill level 10 in Armour
  6404 | D:7      | Found a shimmering altar of Xom.
  6989 | D:8      | Reached XP level 10. HP: 36/88 MP: 9/9
  7608 | D:8      | Found Xitzaink's Food Shoppe.
  7623 | D:8      | Reached *** piety under Qazlal
  7814 | D:9      | Got a jewelled ring mail
  7834 | D:9      | Identified the +6 ring mail of Lugonu {MP+9 Str-5 Int+5}
                  | (You found it on level 9 of the Dungeon)
  8073 | D:9      | Reached skill level 10 in Shields
  8264 | D:9      | Found a staircase to the Orcish Mines.
  8557 | D:9      | Got a steaming quarterstaff
  8563 | D:9      | Identified the +6 quarterstaff "Conservator" {holy, Int+3}
                  | (You found it on level 9 of the Dungeon)
  8594 | D:10     | Entered Level 10 of the Dungeon
  8597 | D:10     | Noticed Maurice
  8608 | D:10     | Reached skill level 1 in Throwing
  8620 | D:10     | Killed Maurice
  8620 | D:10     | Reached skill level 5 in Long Blades
  9027 | D:10     | Noticed a two-headed ogre
  9034 | D:10     | Killed a two-headed ogre
  9034 | D:10     | Reached skill level 1 in Invocations
  9034 | D:10     | Reached XP level 11. HP: 95/95 MP: 10/10
  9040 | D:10     | Reached **** piety under Qazlal
  9445 | D:11     | Noticed a death yak
  9447 | D:11     | Noticed a death yak
  9447 | D:11     | Noticed a death yak
  9866 | D:11     | Killed a death yak
 10108 | D:11     | Found a staircase to the Lair.
 10460 | D:12     | Noticed a tengu warrior
 10499 | D:12     | Killed a tengu warrior
 10499 | D:12     | Reached skill level 10 in Axes
 10663 | D:12     | Noticed a red ugly thing
 10699 | D:12     | Killed a red ugly thing
 10740 | D:12     | HP: 2/97 [orc warrior/+2 halberd of pain (13)]
 10741 | D:11     | Mangled by a death yak

Skill      XL: |  1  2  3  4  5  6  7  8  9 10 11 |
---------------+----------------------------------+-----
Shields        | 4 6 7 9 10 11 | 11.6
Armour         | 4 5 6 7 9 10 11 | 11.7
Fighting       | 4 5 6 7 8 9 |  9.3
Long Blades    | 3 4 5 |  5.5
Dodging        | 1 2 |  2.0
Axes           | 2 5 7 9 10 | 10.4
Throwing       | 2 3 |  3.4
Invocations    | 1 2 |  2.9

Action                   |  1- 3 |  4- 6 |  7- 9 | 10-12 || total
-------------------------+-------+-------+-------+-------++-------
Melee: Long sword        |    54 |   223 |    23 |       ||   300
       Headbutt          |     6 |    41 |    60 |   112 ||   219
       Hand axe          |       |       |   249 |   496 ||   745
Throw: Stone             |     5 |    49 |    27 |    27 ||   108
       Tomahawk          |       |       |     4 |    10 ||    14
Invok: Upheaval          |       |       |       |     2 ||     2
       Elemental Force   |       |       |       |     2 ||     2
  Use: Potion            |       |     2 |       |     1 ||     3
       Scroll            |       |       |     1 |    12 ||    13
  Eat: Chunk             |       |     8 |    15 |    13 ||    36
Armor: Ring mail         |    25 |    50 |       |       ||    75
       Scale mail        |     4 |       |       |       ||     4
       Chain mail        |       |    46 |    91 |   114 ||   251
Dodge: Dodged            |    19 |    87 |    58 |    94 ||   258
Block: Shield            |    18 |   105 |   178 |   288 ||   589
       Reflection        |       |       |     7 |     7 ||    14
       Other             |       |       |       |    30 ||    30
       Rpst.: Long sword |     3 |    16 |     2 |       ||    21
